Map: Orbital Depot

Players

Loken - Winner!

  • Race: Protoss Protoss
  • League: Platinum
  • Spawn Location: 3:00

dallaskuken - Winner!

  • Race: Protoss Protoss
  • League: Platinum
  • Spawn Location: 3:00

Myran - Winner!

  • Race: Protoss Protoss
  • Spawn Location: 1:00

LikeAMonster

  • Race: Protoss Protoss
  • League: Master
  • Spawn Location: 7:00

Axano

  • Race: Terran Terran
  • Spawn Location: 9:00

Avøc

  • Race: Terran Terran
  • League: Silver
  • Spawn Location: 9:00

VOD

Have the link to the VOD?

Description

Time

  • Played on: April 4, 2017, 4:38 p.m.
  • Length: 14:39
Show
View Real Time Build Order
Export as new Build Order

Loken Protoss - Winner!

Build Orders:  

Get SALT Encoding   

  12  0:01  Probe (Chrono Boost)  
  13  0:11  Probe (Chrono Boost)  
  14  0:21  Pylon  
  14  0:23  Probe (Chrono Boost)  
  15  0:39  Probe (Chrono Boost)  
  16  0:43  Gateway  
  16  0:50  Probe (Chrono Boost)  
  17  1:00  Assimilator, Probe (Chrono Boost)  
  19  1:11  Probe (Chrono Boost)  
  19  1:22  Probe (Chrono Boost)  
  20  1:32  Cybernetics Core  
  20  1:36  Probe (Chrono Boost)  
  20  1:37  Assimilator  
  22  1:47  Probe (Chrono Boost)  
  22  1:57  Probe (Chrono Boost)  
  22  2:00  Pylon  
  23  2:02  Nexus  
  23  2:08  Warp Gate  
  23  2:18  Probe (Chrono Boost)  
  24  2:24  Stalker  
  26  2:32  Robotics Facility  
  26  2:36  Probe (Chrono Boost)  
  27  2:47  Probe (Chrono Boost)  
  28  2:53  Gateway  
  28  2:56  Gateway  
  28  3:04  Gateway  
  28  3:14  Gateway  
  28  3:25  Warp Prism  
  30  3:37  Probe (Chrono Boost)  
  31  3:48  Probe (Chrono Boost)  
  32  3:58  Probe (Chrono Boost)  
  31  4:09  Probe (Chrono Boost)  
  31  4:16  Stalker x4  
  31  4:17  Stalker  
  41  4:22  Probe (Chrono Boost)  
  42  4:32  Probe (Chrono Boost)  
  42  4:37  Pylon  
  43  4:42  Pylon  
  43  4:43  Probe (Chrono Boost)  
  44  4:53  Probe (Chrono Boost)  
  41  5:08  Stalker x5  
  47  5:16  Observer  
  46  5:44  Probe (Chrono Boost)  
  45  5:55  Probe (Chrono Boost)  
  43  6:00  Stalker x5  
  53  6:05  Probe (Chrono Boost)  
  54  6:16  Probe (Chrono Boost)  
  55  6:26  Probe (Chrono Boost)  
  55  6:29  Zealot x3  
  62  6:46  Pylon  
  62  6:47  Pylon  
  62  6:48  Pylon  
  62  6:51  Pylon  
  62  6:54  Assimilator  
  62  6:57  Assimilator  
  62  7:06  Zealot x2  
  62  7:07  Zealot x3  
  56  7:35  Stalker x3  
  56  7:37  Stalker  
  36  8:08  Stargate  
  36  8:10  Stargate  
  36  8:11  Stargate  
  34  8:25  Stalker x5  
  44  8:39  Probe (Chrono Boost)  
  45  8:50  Probe (Chrono Boost)  
  46  9:00  Probe (Chrono Boost)  
  47  9:11  Void Ray x3, Probe (Chrono Boost)  
  60  9:21  Probe (Chrono Boost)  
  61  9:32  Probe (Chrono Boost)  
  60  9:42  Probe (Chrono Boost)  
  57  9:53  Probe (Chrono Boost)  
  57  9:54  Void Ray x3  
  64  10:37  Void Ray x3  
  72  11:14  Stalker x3  
  72  11:15  Stalker x2  
  82  12:00  Void Ray x3  
  94  12:30  Pylon  
  94  12:31  Pylon  
  94  12:33  Pylon  
  94  12:34  Pylon  
  94  12:36  Pylon  
  94  12:47  Nexus  
  94  12:48  Void Ray x2  
  94  12:49  Void Ray  
Show
View Real Time Build Order
Export as new Build Order

dallaskuken Protoss - Winner!

Build Orders:  

Get SALT Encoding   

  12  0:01  Probe (Chrono Boost)  
  13  0:11  Probe (Chrono Boost)  
  14  0:18  Pylon  
  14  0:28  Probe (Chrono Boost)  
  15  0:38  Probe (Chrono Boost)  
  16  0:45  Gateway  
  16  0:49  Probe (Chrono Boost)  
  17  0:59  Probe (Chrono Boost)  
  18  1:10  Probe (Chrono Boost)  
  19  1:16  Assimilator  
  19  1:20  Probe (Chrono Boost)  
  20  1:30  Gateway  
  20  1:33  Cybernetics Core  
  20  1:38  Probe (Chrono Boost)  
  21  1:49  Probe (Chrono Boost)  
  22  1:58  Assimilator  
  22  2:00  Pylon  
  22  2:03  Probe (Chrono Boost)  
  23  2:16  Warp Gate  
  23  2:22  Stalker  
  25  2:31  Pylon  
  25  2:37  Stalker  
  25  2:42  Probe (Chrono Boost)  
  28  2:52  Probe (Chrono Boost)  
  29  3:02  Stalker  
  29  3:03  Probe (Chrono Boost)  
  32  3:14  Probe (Chrono Boost), Nexus  
  32  3:16  Gateway  
  32  3:18  Gateway  
  33  3:21  Pylon  
  31  3:38  Stalker x2  
  33  4:27  Mothership Core (Chrono Boost)  
  33  4:30  Probe (Chrono Boost)  
  36  4:33  Pylon  
  36  4:35  Pylon  
  36  4:37  Stalker x4  
  44  4:41  Probe (Chrono Boost)  
  45  4:49  Assimilator  
  45  4:51  Probe (Chrono Boost)  
  45  4:52  Assimilator  
  46  5:13  Stalker x3  
  52  5:28  Robotics Facility  
  48  6:03  Stalker  
  48  6:04  Stalker x2  
  54  6:13  Observer  
  56  6:20  Probe (Chrono Boost)  
  56  6:23  Pylon  
  56  6:26  Pylon  
  56  6:32  Probe (Chrono Boost)  
  57  6:37  Stalker x2  
  61  6:44  Probe (Chrono Boost)  
  61  6:46  Forge  
  62  6:48  Immortal  
  66  7:08  Sentry x2  
  68  7:10  Zealot x2  
  74  7:28  Twilight Council  
  72  8:01  Immortal  
  54  8:30  Stalker x4  
  62  8:35  Immortal  
  58  9:09  Immortal  
  58  9:14  Stalker x2  
  66  9:47  Immortal  
  70  9:55  Stalker x2  
  70  10:29  Immortal  
  74  10:38  Zealot x2  
  74  10:39  Zealot x2  
  56  11:23  Stalker x3  
  56  11:24  Stalker  
  64  11:46  Immortal  
  64  11:53  Stalker x4  
  74  12:20  Immortal  
  78  12:35  Stalker x4  
  86  13:01  Pylon  
  86  13:03  Pylon  
  86  13:05  Pylon  
  72  13:34  Stalker x4  
Show
View Real Time Build Order
Export as new Build Order

Myran Protoss - Winner!

Build Orders: Cannon Rush 

Get SALT Encoding   

  12  0:01  Probe (Chrono Boost)  
  13  0:12  Probe (Chrono Boost)  
  14  0:17  Pylon  
  14  0:22  Probe (Chrono Boost)  
  15  0:35  Probe (Chrono Boost)  
  16  0:37  Forge  
  16  0:46  Probe (Chrono Boost)  
  17  0:50  Pylon  
  17  1:06  Pylon  
  17  1:13  Pylon  
  17  1:14  Photon Cannon  
  17  1:16  Photon Cannon  
  17  1:19  Photon Cannon  
  17  1:26  Photon Cannon  
  17  1:34  Photon Cannon  
  17  1:42  Photon Cannon  
  17  1:51  Photon Cannon  
  17  1:58  Photon Cannon  
  17  2:00  Photon Cannon  
  17  2:04  Photon Cannon  
  17  2:14  Photon Cannon  
  17  2:29  Probe (Chrono Boost)  
  18  2:38  Nexus  
  18  2:39  Probe (Chrono Boost)  
  19  2:45  Gateway  
  19  2:46  Gateway  
  19  2:50  Probe (Chrono Boost)  
  19  2:51  Assimilator  
  20  3:00  Probe (Chrono Boost)  
  21  3:06  Assimilator  
  21  3:11  Probe (Chrono Boost)  
  22  3:21  Probe (Chrono Boost)  
  23  3:42  Pylon  
  23  3:46  Pylon  
  23  3:49  Cybernetics Core  
  23  3:50  Zealot x2  
  23  3:52  Photon Cannon  
  27  3:55  Pylon  
  27  3:56  Probe (Chrono Boost)  
  28  4:05  Probe (Chrono Boost)  
  28  4:06  Probe (Chrono Boost)  
  30  4:16  Gateway  
  31  4:17  Probe (Chrono Boost)  
  31  4:18  Gateway  
  31  4:20  Warp Gate  
  31  4:22  Zealot  
  31  4:23  Zealot  
  35  4:27  Probe (Chrono Boost)  
  36  4:38  Probe (Chrono Boost)  
  37  4:48  Probe (Chrono Boost)  
  38  5:02  Probe (Chrono Boost)  
  38  5:03  Stalker x3  
  38  5:04  Nexus  
  38  5:06  Zealot  
  47  5:13  Pylon  
  47  5:24  Photon Cannon  
  47  5:42  Probe (Chrono Boost)  
  48  5:48  Stalker x2  
  52  5:52  Probe (Chrono Boost)  
  52  5:53  Stalker  
  55  6:01  Stalker  
  55  6:03  Probe (Chrono Boost)  
  58  6:04  Protoss Ground Weapons Level 1  
  58  6:09  Probe (Chrono Boost)  
  59  6:13  Probe (Chrono Boost)  
  60  6:21  Probe (Chrono Boost)  
  60  6:24  Probe (Chrono Boost)  
  62  6:29  Twilight Council  
  62  6:32  Pylon  
  63  6:33  Probe (Chrono Boost)  
  63  6:35  Pylon  
  54  6:52  Probe (Chrono Boost)  
  53  7:03  Probe (Chrono Boost)  
  53  7:07  Stalker x3  
  60  7:14  Probe (Chrono Boost)  
  61  7:21  Charge  
  61  7:24  Probe (Chrono Boost)  
  61  7:35  Probe (Chrono Boost)  
  58  7:50  Photon Cannon  
  57  8:06  Probe (Chrono Boost)  
  57  8:18  Probe (Chrono Boost)  
  56  10:00  Nexus  
  40  12:17  Stalker  
  40  12:18  Stalker  
  42  12:33  Nexus  
  42  12:47  Zealot x3  
  42  12:48  Zealot  
  50  13:14  Stalker x3  
  50  13:15  Zealot  
  52  13:43  Zealot  
  52  13:44  Zealot x3  
  60  13:54  Probe (Chrono Boost)  
  61  14:05  Probe (Chrono Boost)  
  61  14:07  Stalker  
  61  14:08  Stalker  
  60  14:12  Zealot  
  60  14:15  Probe (Chrono Boost)  
Show
View Real Time Build Order
Export as new Build Order

LikeAMonster Protoss 

Build Orders: Dark Templar Rush 

Get SALT Encoding   

  12  0:01  Probe (Chrono Boost)  
  13  0:11  Probe (Chrono Boost)  
  14  0:15  Pylon  
  14  0:23  Assimilator  
  14  0:25  Probe (Chrono Boost)  
  15  0:34  Gateway  
  15  0:39  Probe (Chrono Boost)  
  16  0:49  Probe (Chrono Boost)  
  17  0:52  Assimilator  
  17  1:00  Probe (Chrono Boost)  
  18  1:10  Gateway, Probe (Chrono Boost)  
  19  1:21  Probe (Chrono Boost)  
  20  1:31  Probe (Chrono Boost)  
  21  1:33  Cybernetics Core  
  21  1:42  Probe (Chrono Boost)  
  21  1:45  Pylon  
  22  1:53  Probe (Chrono Boost)  
  23  2:03  Probe (Chrono Boost)  
  24  2:10  Stalker x2  
  24  2:11  Warp Gate  
  24  2:14  Probe (Chrono Boost)  
  29  2:25  Mothership Core (Chrono Boost), Pylon  
  31  2:34  Twilight Council  
  31  2:42  Stalker x2  
  35  3:12  Dark Shrine  
  35  3:16  Nexus  
  35  3:17  Probe (Chrono Boost)  
  36  3:21  Pylon  
  36  3:27  Probe (Chrono Boost)  
  37  3:43  Robotics Facility  
  37  3:52  Probe (Chrono Boost)  
  36  3:59  Pylon  
  36  4:02  Probe (Chrono Boost)  
  35  4:15  Probe (Chrono Boost)  
  34  4:24  Dark Templar  
  34  4:25  Gateway x2  
  34  4:26  Dark Templar  
  38  4:31  Observer  
  38  4:37  Probe (Chrono Boost)  
  41  4:39  Probe (Chrono Boost)  
  41  4:49  Blink  
  41  4:50  Warp Prism  
  43  4:58  Stalker x2  
  45  5:09  Probe (Chrono Boost)  
  45  5:10  Probe (Chrono Boost)  
  47  5:22  Assimilator  
  47  5:23  Pylon, Assimilator  
  47  5:26  Immortal  
  51  5:34  Stalker, Zealot x2  
  51  5:35  Zealot  
  59  5:42  Probe (Chrono Boost)  
  60  5:45  Pylon  
  60  5:46  Pylon, Probe (Chrono Boost)  
  59  5:58  Stalker  
  59  5:59  Stalker  
  62  6:13  Sentry  
  64  6:19  Probe (Chrono Boost)  
  64  6:21  Pylon, Probe (Chrono Boost)  
  64  6:24  Pylon  
  66  6:30  Probe (Chrono Boost)  
  68  6:33  Probe (Chrono Boost)  
  68  6:35  Sentry  
  68  6:36  Sentry  
  68  6:37  Stalker  
  74  6:40  Probe (Chrono Boost)  
  75  6:49  Stalker  
  77  6:54  Pylon  
  77  7:00  Gateway  
  73  7:07  Dark Templar  
  74  7:18  Dark Templar  
  62  7:40  Gateway  
  62  7:43  Gateway  
  50  8:03  Cybernetics Core  
  46  8:25  Nexus  
  42  8:33  Cybernetics Core  
  42  8:34  Stalker  
  42  8:49  Stalker x2  
  42  9:05  Stalker  
  44  9:14  Stalker x2  
  48  9:36  Stalker  
  48  9:38  Stalker x2  
  52  10:09  Probe x2 (Chrono Boost)  
  52  10:13  Stalker x3  
  60  10:17  Forge  
  60  10:20  Probe x2 (Chrono Boost)  
  60  10:28  Pylon  
  60  10:30  Probe x2 (Chrono Boost), Nexus  
  62  10:42  Pylon  
  62  10:47  Stalker x3  
  62  10:48  Stalker  
  60  11:16  Stalker x5  
  68  11:21  Pylon  
  68  11:22  Pylon  
  68  11:30  Gateway  
  68  11:32  Gateway  
  67  11:34  Pylon  
  67  11:35  Assimilator  
  67  11:36  Assimilator  
  60  11:47  Stalker x3  
  59  12:18  Stalker x3  
  65  12:27  Stalker x2  
  69  12:41  Stalker x2  
  73  12:49  Stalker  
Show
View Real Time Build Order
Export as new Build Order

Axano Terran 

Build Orders:  

Get SALT Encoding   

  12  0:02  SCV  
  13  0:15  SCV  
  14  0:28  Supply Depot  
  14  0:30  SCV  
  15  0:43  Refinery  
  15  0:56  Barracks  
  15  1:11  SCV  
  16  1:23  SCV  
  17  1:36  SCV  
  18  1:48  SCV  
  19  1:58  Marine  
  19  2:00  SCV  
  21  2:04  Supply Depot  
  21  2:16  Marine  
  22  2:33  Supply Depot  
  22  2:34  Marine  
  23  2:47  Refinery  
  23  2:52  Marine  
  24  3:09  Factory  
  24  3:14  Orbital Command  
  24  3:19  Barracks Reactor  
  24  4:36  Marine x2  
  26  4:42  Factory Tech Lab  
  26  4:48  Supply Depot  
  26  4:54  Marine x2  
  26  4:57  Command Center  
  28  5:12  Marine x2  
  30  5:20  Barracks  
  30  5:30  Marine x2  
  30  5:34  Siege Tank  
  35  5:47  Marine  
  35  5:48  Marine  
  37  6:05  Marine x2  
  37  6:06  Siege Tank  
  37  6:10  Barracks Reactor  
  42  6:15  Starport  
  42  6:23  Marine x2  
  44  6:38  Siege Tank  
  47  6:41  Marine x2  
  49  7:10  Siege Tank  
  49  7:11  Refinery  
  39  7:43  Siege Tank  
  37  7:53  Marine x2  
  37  7:54  Marine x2  
  38  8:11  Marine x3  
  38  8:12  Marine  
  18  8:29  Marine x4  
  18  8:30  Medivac  
  21  8:47  Marine x4  
  13  9:00  Medivac  
  9  9:04  Marine  
  1  9:50  SCV  
  1  9:51  Orbital Command  
  2  10:02  SCV  
  3  10:15  SCV  
  4  10:27  SCV  
  5  10:29  Marine  
  6  10:39  SCV  
  7  10:57  SCV  
  7  11:03  Marine  
  9  11:09  SCV  
  10  11:21  SCV  
  11  11:26  Marine  
  12  11:33  SCV  
  13  11:45  SCV  
  12  12:01  SCV  
  12  12:13  SCV  
  13  12:15  Supply Depot  
  13  12:29  Supply Depot  
  3  13:08  SCV  
  1  13:20  SCV  
  2  13:32  SCV  
Show
View Real Time Build Order
Export as new Build Order

Avøc Terran 

Build Orders:  

Get SALT Encoding   

  12  0:01  SCV  
  13  0:13  SCV  
  14  0:20  Supply Depot  
  14  0:25  SCV  
  15  0:31  Refinery  
  15  0:42  SCV  
  16  0:48  Barracks  
  16  0:56  SCV  
  17  1:23  SCV  
  18  1:35  SCV  
  19  1:46  Marine  
  21  2:10  Barracks Reactor  
  20  2:17  Factory  
  20  2:19  Barracks  
  20  2:31  SCV  
  21  2:43  SCV  
  22  2:51  Marine  
  23  2:58  Supply Depot  
  23  3:13  Orbital Command  
  23  3:19  Marine  
  23  3:20  Supply Depot  
  23  3:22  Supply Depot  
  23  3:24  Refinery  
  24  3:29  Barracks Reactor  
  24  3:37  Barracks  
  24  4:02  SCV  
  25  4:06  Command Center  
  25  4:42  Factory Tech Lab  
  25  4:49  Starport  
  25  4:53  Marine x4  
  29  5:01  Siege Tank  
  32  5:11  Marine x4  
  32  5:12  SCV  
  37  5:18  Orbital Command  
  37  5:28  Marine  
  37  5:29  Marine  
  37  5:31  Starport Reactor  
  39  5:42  Barracks  
  39  6:01  Siege Tank  
  42  6:05  Supply Depot  
  42  6:10  SCV  
  43  6:21  Medivac x2  
  43  6:22  SCV  
  48  6:33  Siege Tank  
  48  6:34  SCV  
  46  6:51  Medivac  
  43  7:26  Marine x3  
  43  7:27  Marine  
  47  7:30  Barracks Tech Lab  
  45  7:44  Marine x4  
  49  7:57  Marine  
  50  8:02  Marine x4  
  54  8:15  Marine  
  55  8:20  Stimpack  
  55  8:22  SCV  
  56  8:32  Engineering Bay  
  56  8:34  SCV  
  57  8:46  SCV  
  58  8:56  Marine x5  
  63  9:05  Siege Tank  
  66  9:13  Marine  
  66  9:14  Marine x3  
  66  9:37  Siege Tank  
  60  10:02  Marine  
  61  10:10  Siege Tank  
  64  10:25  Medivac x2  
  64  10:28  Marine x2  
  70  10:34  Supply Depot  
  70  10:39  Liberator x2  
  70  10:56  Marine x2  
  78  11:04  Marine  
  78  11:05  Marine x2  
  63  11:14  Marine  
  63  11:15  Marine  
  53  11:22  Marine  
  53  11:23  Marine x2  
  53  11:31  Marine  
  54  11:34  Marine  
  58  11:40  Marine  
  58  11:41  Marine x2  
  58  11:44  SCV  
  61  11:56  SCV  
  33  12:09  SCV  
  22  12:21  SCV  
  23  12:29  Barracks  
  18  12:33  SCV  
  5  12:45  SCV  
  6  12:57  SCV  
  6  13:28  SCV  
  7  13:40  SCV  
  8  13:41  Supply Depot  
  8  13:52  SCV  
  8  14:04  SCV  
  9  14:16  SCV  
Tags
 
Add a new tag
Caveats
  • Supply blocks, unpowered buildings, or Contaminate may cause inaccurate times.
  • Supply counts are checked every 10 seconds.